 Dungeon Crawl Stone Soup version 0.29.1-15-g9cfb28693d (webtiles) character file.

Game seed: 879990910421601182

193 112233 the Magician (level 5, -1/23 HPs)
             Began as a Felid Conjurer on Feb 24, 2023.
             Was an Initiate of Gozag.
             Slain by a river rat (6 damage)
             ... summoned by Eustachio
             ... on level 5 of the Dungeon.
             The game lasted 00:03:27 (5834 turns).

112233 the Magician (Felid Conjurer)                Turns: 5834, Time: 00:03:27

Health: -1/23      AC:  2    Str:  3    XL:     5   Next: 44%
Magic:  13/13      EV: 18    Int: 22    God:    Gozag
Gold:   358        SH:  0    Dex: 14    Spells: 7/14 levels left
                                        Lives:  0   Deaths: 2

rFire   . . .      SeeInvis +   (weapon unavailable)
rCold   . . .      Faith    .   (shield unavailable)
rNeg    . . .      Spirit   .   (body armour unavailable)
rPois   .          Reflect  .   (helmet unavailable)
rElec   .          Harm     .   (cloak unavailable)
rCorr   .          Rampage  .   (gloves unavailable)
Will    .....                   (boots unavailable)
Stlth   ++........              (no amulet)
HPRegen 0.07/turn               j - ring of wizardry
MPRegen 0.13/turn               (no ring)

@: quick
A: very small, claws 1, fangs 3, see invisible, speed 1, shaggy fur 2, stealthy
paws, no weapons or thrown items, no armour, multi-lived
a: Renounce Religion, Potion Petition, Call Merchant, Bribe Branch


You were on level 5 of the Dungeon.
You worshipped Gozag.
Gozag was aware of your devotion.
You visited 2 branches of the dungeon, and saw 6 of its levels.

You collected 419 gold pieces.
You paid 61 gold pieces to Gozag.

Inventory:

Jewellery
 j - a ring of wizardry (left paw)
Wands
 t - a wand of digging (8)
Scrolls
 b - 5 scrolls of identify {unknown}
 d - a scroll of enchant armour {unknown}
 e - 2 scrolls of butterflies {unknown}
 f - 3 scrolls of teleportation {unknown}
 k - a scroll of fear {unknown}
 o - 2 scrolls of enchant weapon {unknown}
 p - 3 scrolls of poison {unknown}
 r - a scroll of torment {unknown}
 s - a scroll of vulnerability {unknown}
 v - a scroll of magic mapping {unknown}
Potions
 c - a potion of heal wounds {unknown}
 g - a potion of curing {unknown}
 h - 2 potions of flight {unknown}
 i - a potion of resistance {unknown}
 l - a potion of berserk rage {unknown}
 m - a potion of brilliance {unknown}
 n - a potion of degeneration {unknown}
 q - 2 potions of cancellation {unknown}
 u - 3 potions of attraction {unknown}
 w - a potion of lignification {unknown}


   Skills:
 + Level 2.6 Fighting
 + Level 4.6 Dodging
 - Level 2.8 Stealth
 * Level 5.4 Spellcasting
 + Level 4.4 Conjurations
 + Level 3.5 Translocations


You had 7 spell levels left.
You knew the following spells:

 Your Spells              Type           Power      Damage    Failure   Level
a - Magic Dart            Conj           100%       1d8       1%          1
b - Searing Ray           Conj           50%        2d6       1%          2
c - Iskenderun's Mystic   Conj/Tloc      23%        2d6       8%          4

Your spell library contained the following spells:

 Spells                   Type           Power      Damage    Failure   Level
 Dazzling Flash           Conj/Hex       30%        N/A       4%          3
 Fulminant Prism          Conj/Hex       7%         3d7       16%         4


Dungeon Overview and Level Annotations

Branches:
Dungeon (5/15)             Temple (1/1) D:4

Altars:
Ashenzari
Cheibriados
Dithmenos
Fedhas
Gozag
Makhleb
Nemelex Xobeh
Qazlal
Ru
Trog
Wu Jian
Yredelemnul

Annotations:
D:3 2 runed translucent doors
D:5 Eustachio


Innate Abilities, Weirdness & Mutations

You have sharp claws.
You have razor-sharp teeth.
You have supernaturally acute eyesight. (SInv)
You cover ground quickly. (Speed+)
You are covered in thick fur. (AC +2)
Your paws help you pounce on unaware monsters.
You are incapable of wielding weapons or throwing items.
You cannot wear armour.
You gain extra lives every three experience levels.


Message History

There is a stone staircase leading down here.
Eustachio casts a spell.
The river rat bites you. The river rat completely misses you.
You barely miss the river rat. You bite the river rat.
The river rat is moderately wounded.
The river rat closely misses you.
The river rat bites you but does no damage.
You scratch the river rat but do no damage.
The river rat is moderately wounded.
The river rat barely misses you.
The river rat bites you but does no damage.
The crimson imp laughs crazily.
You scratch the river rat but do no damage.
The river rat is moderately wounded.
The river rat misses you. The river rat bites you.
You closely miss the river rat.
You bite the river rat, but do no damage.
The river rat is moderately wounded.
Eustachio twirls his moustache.
The river rat bites you.
* * * LOW HITPOINT WARNING * * *
The river rat bites you.
* * * LOW HITPOINT WARNING * * *
You scratch the river rat.
The river rat is heavily wounded.
Eustachio gestures wildly while chanting.
Eustachio blinks!
The river rat misses you. The river rat closely misses you.
The crimson imp blinks!
You scratch the river rat but do no damage.
Your bite misses the river rat.
The river rat is heavily wounded.
Eustachio gestures wildly while chanting.
Eustachio blinks!
The river rat barely misses you. The river rat misses you.
The crimson imp blinks!
Unknown command.
You closely miss the river rat.
The river rat is heavily wounded.
The river rat bites you.
You die...
Your body crumbles into a pile of gold.

.#.....#.#.......#.#.#....#
...#.#.#...........#....>.#
.....#...@...........#....#
......55.##..##...###.....#
.....r$br.....5...........#
....#..5r....##.....##....#
...#####...#.5......#######
..## #.....§..r..# ###
##.!..r@.>§# #
##..##......#
#...@..........
#####.......h.. #..........
#####...?.. ##.... ....


You could see Eustachio, a howler monkey (asleep), an iron imp (summoned), a
crimson imp (summoned) and 2 river rats.

Vanquished Creatures
  A phantom (D:5)
  A necrophage (D:5)
  3 wights (D:4)
  3 hounds
  2 orc priests (D:5)
  Ijyb (D:4)
  Natasha (D:2)
  2 orc wizards
  6 adders
  An ufetubus (D:4)
  2 worms
  A dart slug (D:1)
  10 orcs
  3 ball pythons
  4 endoplasms
  A giant cockroach (D:1)
  6 hobgoblins
  4 quokkas
  A bat (D:3)
  3 frilled lizards
  7 goblins
  5 kobolds
  4 rats
72 creatures vanquished.

Notes
Turn   | Place    | Note
-------+----------+-------------------------------------------
     0 | D:1      | 112233 the Felid Conjurer began the quest for the Orb.
     0 | D:1      | Reached XP level 1. HP: 7/7 MP: 4/4
   491 | D:1      | Reached XP level 2. HP: 11/11 MP: 4/6
   657 | D:1      | Learned a level 2 spell: Searing Ray
   915 | D:2      | Found a faded altar of an unknown god.
  1242 | D:2      | Reached skill level 3 in Spellcasting
  1242 | D:2      | Reached XP level 3. HP: 11/14 MP: 1/8
  1945 | D:2      | Noticed Natasha
  1950 | D:2      | Killed Natasha
  1951 | D:2      | Reached XP level 4. HP: 7/18 MP: 4/10
  2133 | D:2      | Reached skill level 4 in Spellcasting
  2139 | D:2      | Learned a level 4 spell: Iskenderun's Mystic Blast
  2433 | D:3      | Found a large runed translucent door.
  2433 | D:3      | Found a large runed translucent door.
  2957 | D:3      | Found a sacrificial altar of Ru.
  2966 | D:3      | Reached skill level 1 in Translocations
  3182 | D:3      | Reached XP level 5. HP: 21/21 MP: 8/12
  3479 | D:4      | Found a staircase to the Ecumenical Temple.
  3499 | Temple   | Entered the Ecumenical Temple
  3622 | Temple   | Became a worshipper of Gozag Ym Sagoz the Greedy
  3676 | D:4      | Reached skill level 1 in Fighting
  4030 | D:4      | Noticed Ijyb
  4213 | D:4      | Gained mutation: You are covered in thick fur. (AC +2)
                  | [Felid growth]
  4213 | D:4      | Reached XP level 6. HP: 14/26 MP: 3/14
  4947 | D:4      | Killed Ijyb
  5419 | D:5      | Entered Level 5 of the Dungeon
  5419 | D:5      | Found an ornate altar of the Wu Jian Council.
  5470 | D:5      | Reached skill level 5 in Spellcasting
  5599 | D:5      | Reached XP level 7. HP: 30/30 MP: 7/15
  5701 | D:5      | Killed from afar by an orc priest
  5702 | D:5      | Reached XP level 6. HP: -3/27 MP: 2/15
  5790 | D:5      | Noticed Eustachio
  5807 | D:5      | HP: 1/27 [quasit[Eustachio] (2)]
  5807 | D:5      | Slain by a quasit
  5808 | D:5      | Reached XP level 5. HP: 0/23 MP: 13/13
  5834 | D:5      | Slain by a river rat

Illustrated notes

Levels and vault maps discovered:
D:1:      dpeg_arrival_water_temple_mockup, layout_loops_ring,
          chequers_serial_rivers_micro_a
D:2:      layout_basic, basic_ecumenical_altar, uniq_natasha
D:3:      layout_loops_corners, nicolae_ru_great_annihilating_truth,
          jmf_multi_god_temple2, due_unseen_surprise
D:4:      layout_basic, minmay_temple_entry_large_hall, uniq_ijyb
D:5:      layout_rooms, grunt_temple_overflow_magic_moments,
          lemuel_crystal_altar, mainiacjoe_overflow_brackets,
          nicolae_tso_swordbearing_angel, serial_shops, kennysheep_little_box,
          minmay_misc_feat_more_columns, uniq_crazy_yiuf_cottage, uniq_eustachio
Temple:   zaba_magenta_temple

Skill      XL: |  1  2  3  4  5  6 |
---------------+-------------------+-----
Spellcasting   | 3 4 5 |  5.4
Dodging        | 3 4 |  4.6
Translocations | 1 2 3 |  3.5
Fighting       | 1 2 |  2.6
Conjurations   | 4 |  4.4
Stealth        | |  2.8

Action                   |  1- 3 |  4- 6 |  7- 9 || total
-------------------------+-------+-------+-------++-------
Melee: Unarmed           |     5 |     8 |       ||    13
       Bite              |       |     2 |       ||     2
 Cast: Magic Dart        |    52 |   114 |     9 ||   175
       Searing Ray       |       |    16 |     2 ||    18
  Use: Potion            |       |     1 |       ||     1
Armor: Skin              |       |    13 |       ||    13
Dodge: Dodged            |     9 |    84 |       ||    93
